 Dungeon Crawl Stone Soup version 0.27-a0-1590-g15f69828bf (webtiles) character file.

Game seed: 17751440254352572334

324 Gwenloh the Slasher (level 6, -1/47 HPs)
             Began as a Human Fighter on July 17, 2021.
             Was a Believer of Makhleb.
             Slain by a black bear (5 damage)
             ... on level 4 of the Dungeon on July 18, 2021.
             The game lasted 00:09:53 (4357 turns).

Gwenloh the Slasher (Human Fighter)                 Turns: 4357, Time: 00:09:55

Health: -1/47      AC: 10    Str: 16    XL:     6   Next: 78%
Magic:  8/8        EV:  6    Int:  8    God:    Makhleb [**....]
Gold:   141        SH:  9    Dex: 15    Spells: 5/5 levels left

rFire    . . .     SeeInvis .   a - +0 long sword
rCold    . . .     Faith    .   c - +0 kite shield
rNeg     . . .     Spirit   .   b - +0 scale mail
rPois    .         Reflect  .   (no helmet)
rElec    .         Harm     .   (no cloak)
rCorr    .         Rampage  .   (no gloves)
Will     .....                  (no boots)
Stlth    ..........             (no amulet)
HPRegen  0.15/turn              p - +4 ring of protection
MPRegen  0.11/turn              (no ring)

@: no status effects
A: no striking features
a: Renounce Religion, Minor Destruction


You were on level 4 of the Dungeon.
You worshipped Makhleb.
Makhleb was pleased with you.
You visited 1 branch of the dungeon, and saw 4 of its levels.

You collected 141 gold pieces.

Inventory:

Hand Weapons
 a - a +0 long sword (weapon)
Missiles
 f - 19 bolts
 g - 3 curare-tipped darts
 i - 31 poisoned darts (quivered)
 m - 4 boomerangs
 v - 20 stones
Armour
 b - a +0 scale mail (worn)
 c - a +0 kite shield (worn)
 q - a +0 pair of boots
 u - a +0 chain mail
Jewellery
 p - a +4 ring of protection (left hand)
Wands
 t - a wand of digging (6)
Scrolls
 l - a scroll of vulnerability {unknown}
 n - a scroll of identify {unknown}
 r - a scroll of enchant armour {unknown}
 s - 2 scrolls of teleportation {unknown}
Potions
 d - a potion of might
 e - 6 potions of curing {unknown}
 h - 2 potions of invisibility
 j - 2 potions of degeneration {unknown}
 k - 2 potions of flight {unknown}
 o - 2 potions of attraction {unknown}


   Skills:
 - Level 3.0 Fighting
 * Level 5.7 Long Blades
 - Level 3.0 Armour
 - Level 3.0 Shields
 + Level 3.4 Invocations


You had 5 spell levels left.
You didn't know any spells.
Your spell library contained the following spells:

 Spells                   Type           Power      Damage    Failure   Level
 Magic Dart               Conj           0%         1d3       100%        1
 Pain                     Necr           0%         1d4       100%        1
 Searing Ray              Conj           0%         3d3       100%        2
 Slow                     Hex            0%         N/A       100%        2
 Sublimation of Blood     Necr           0%         N/A       100%        2
 Wereblood                Tmut           0%         N/A       100%        2
 Confusing Touch          Hex            0%         N/A       100%        3
 Vampiric Draining        Necr           0%         2d6       100%        3
 Fulminant Prism          Conj/Hex       0%         3d6       100%        4
 Summon Hydra             Summ           0%         N/A       100%        7


Dungeon Overview and Level Annotations

Branches:
Dungeon (4/15)
 Temple: D:4-7

Altars:
Cheibriados
Gozag
Makhleb


Message History

You hit the black bear.
The black bear is almost dead.
The black bear bites you. You block the black bear's attack.
The black bear barely misses you. x2; The black bear claws you.
You block the black bear's attack.
You closely miss the black bear.
The black bear is almost dead.
The black bear bites you but does no damage.
The black bear claws you. The black bear barely misses you.
The black bear bites you. The black bear claws you.
You block the black bear's attack.
You are too injured to fight recklessly!
You are too injured to fight recklessly!
You are too injured to fight recklessly!
You closely miss the black bear.
The black bear is almost dead.
The black bear bites you but does no damage.
You block the black bear's attack.
The black bear claws you but does no damage.
The black bear barely misses you.
You riposte.
You completely miss the black bear.
The black bear is almost dead.
The black bear claws you but does no damage.
The black bear claws you.
You barely miss the black bear.
The black bear is almost dead.
The black bear bites you!
* * * LOW HITPOINT WARNING * * *
The black bear claws you but does no damage.
You block the black bear's attack. The black bear bites you.
* * * LOW HITPOINT WARNING * * *
The black bear claws you but does no damage. x2
You hit the black bear but do no damage.
The black bear is almost dead.
The black bear bites you but does no damage.
The black bear claws you but does no damage.
The black bear barely misses you. You block the black bear's attack.
The black bear claws you but does no damage.
The black bear claws you.
You die...

......####.......#
#.#.#.######
.......#.......#
#.#.#.#....#
.D...#.......# #.#.#.#.#
#†..#.......# #.#.#.#.#
#.<.#.......# #.#.#.#.#
#...##.).#######.#.#.#.#
+...##)###....#....#.#.#
#...##[###.##.######.#.#
..####(...h@.......#.#.##
.###....(...#######.#....#
...'...(....'..# #...####
..###.(......#### ###.#
#.(......# #.# #........#
#.# #........# #.#
#....##### #.. ###


You could see a black bear (berserk).

Vanquished Creatures
  A howler monkey (D:4)
  2 hounds
  Ijyb (D:4)
  Terence (D:2)
  7 gnolls
  2 adders
  A worm (D:3)
  2 dart slugs (D:1)
  8 orcs (D:4)
  3 endoplasms
  5 giant cockroaches
  3 goblins
  7 hobgoblins
  4 jackals
  7 kobolds
  3 quokkas
  5 ball pythons
  4 bats
  3 frilled lizards
  6 rats
75 creatures vanquished.

Notes
Turn   | Place    | Note
-------+----------+-------------------------------------------
     0 | D:1      | Gwenloh the Human Fighter began the quest for the Orb.
     0 | D:1      | Reached XP level 1. HP: 18/18 MP: 1/1
   170 | D:1      | Reached XP level 2. HP: 18/24 MP: 2/2
   545 | D:1      | Reached skill level 3 in Long Blades
   718 | D:1      | Found a faded altar of an unknown god.
   725 | D:1      | Got Plato's Papyrus of Darkness
   726 | D:1      | Became a worshipper of Makhleb the Destroyer
   726 | D:1      | Reached * piety under Makhleb
  1065 | D:2      | Reached XP level 3. HP: 29/29 MP: 3/3
  1124 | D:2      | Reached skill level 1 in Invocations
  1124 | D:2      | Reached XP level 4. HP: 17/35 MP: 3/5
  1299 | D:1      | Reached skill level 4 in Long Blades
  1522 | D:2      | Reached XP level 5. HP: 16/41 MP: 6/6
  1940 | D:2      | Reached ** piety under Makhleb
  1976 | D:2      | Noticed Terence
  1986 | D:2      | Killed Terence
  2768 | D:3      | Reached skill level 5 in Long Blades
  2971 | D:3      | Reached XP level 6. HP: 47/47 MP: 8/8
  2988 | D:3      | Found an opulent altar of Gozag.
  3545 | D:3      | Upgraded the game from 0.27-a0-1565-gad902ab807 to
                  | 0.27-a0-1590-g15f69828bf
  3566 | D:4      | Noticed a steam dragon
  3715 | D:4      | Found a snail-covered altar of Cheibriados.
  3831 | D:4      | Noticed Ijyb
  3853 | D:4      | Killed Ijyb
  4338 | D:4      | Noticed a black bear
  4357 | D:4      | Slain by a black bear

Illustrated notes

Levels and vault maps discovered:
D:1:      lightli_arrival_boilingwater, layout_loops_ring,
          shapermc_ecumenical_altar_rom_forum, minmay_misc_feat_plants
D:2:      layout_loops_ring, serial_rivers, chequers_serial_rivers_room_b,
          chequers_serial_rivers_micro_b, chequers_serial_rivers_micro_d,
          chequers_serial_rivers_marsh, chequers_serial_rivers_micro_e,
          minmay_crystal_water, uniq_terence
D:3:      layout_basic, nicolae_gozag_cash_rules_everything_around_me,
          serial_glass, glass_columns_c, glass_columns_b
D:4:      layout_basic, mainiacjoe_overflow_boulevard, lemuel_tele_altar,
          mainiacjoe_overflow_surrounded_room, minmay_temple_entry_from_below_a,
          uniq_ijyb

Skill      XL: |  1  2  3  4  5  6 |
---------------+-------------------+-----
Long Blades    | 3 4 5 |  5.7
Invocations    | 1 2 3 |  3.4
Fighting       | |  3.0
Armour         | |  3.0
Shields        | |  3.0

Action                   |  1- 3 |  4- 6 || total
-------------------------+-------+-------++-------
Melee: Long sword        |    71 |   200 ||   271
Throw: Dart              |     3 |    30 ||    33
       Boomerang         |       |    45 ||    45
Invok: Minor Destruction |       |     9 ||     9
Armor: Scale mail        |    31 |   117 ||   148
Dodge: Dodged            |    22 |    58 ||    80
Block: Kite shield       |    38 |   110 ||   148
       Rpst.: Long sword |     6 |    14 ||    20

Table legend: (Time is in decaauts)
 A = Elapsed time spent in this place.
 B = Non-inter-level travel time spent in this place.
 C = Inter-level travel time spent in this place.
 D = Time resting spent in this place.
 E = Time spent auto-exploring this place.
 F = Levels seen in this place.
 G = Mean time per level.
                   A        B        C        D        E       F      G
               +--------+--------+--------+--------+--------+-----+--------+
         Total |   4515 |   4309 |    206 |    135 |   3396 |   4 | 1128.8 |
       Dungeon |   4515 |   4309 |    206 |    135 |   3396 |   4 | 1128.8 |
               +--------+--------+--------+--------+--------+-----+--------+

Top non-repeatable levels by time:
     D:2: 1394 daAuts
     D:1: 1242 daAuts
     D:3: 1107 daAuts
     D:4: 770 daAuts
